 Dungeon Crawl Stone Soup version 0.29.1-12-g30fa7ad0bf (webtiles) character file.

Game seed: 9964737553294102545

685 sneakypete the Chopper (level 7, -1/54 HPs)
             Began as a Demonspawn Gladiator on Jan 13, 2023.
             Was a Follower of Uskayaw.
             Succumbed to a gnoll sergeant's poison
             ... on level 5 of the Dungeon.
             The game lasted 00:23:07 (5143 turns).

sneakypete the Chopper (Demonspawn Gladiator)       Turns: 5143, Time: 00:23:08

Health: -1/54      AC: 11    Str: 16    XL:     7   Next: 35%
Magic:  5/7        EV:  5    Int:  9    God:    Uskayaw [*.....]
Gold:   301        SH:  0    Dex: 15    Spells: 6/6 levels left

rFire   . . .      SeeInvis .   q - +0 hand axe (flame)
rCold   . . .      Faith    .   (no shield)
rNeg    . . .      Spirit   .   f - +0 plate armour
rPois   .          Reflect  .   (helmet restricted)
rElec   .          Harm     .   (no cloak)
rCorr   .          Rampage  .   (no gloves)
Will    .....                   (no boots)
Stlth   ..........              (no amulet)
HPRegen 0.18/turn               (no ring)
MPRegen 0.10/turn               (no ring)

@: lethally poisoned (-1 -> -8), hasted, very quick
A: antennae 1, demonic magic 1
a: Renounce Religion, Stomp


You were on level 5 of the Dungeon.
You worshipped Uskayaw.
Uskayaw was noncommittal.
You visited 1 branch of the dungeon, and saw 5 of its levels.

You collected 301 gold pieces.

Inventory:

Hand Weapons
 a - a +0 war axe
 q - a +0 hand axe of flaming (weapon)
 v - a +3 short sword
 w - a +0 longbow
Missiles
 d - 2 throwing nets (quivered)
 e - a javelin
Armour
 b - a +0 leather armour
 c - a +0 helmet
 f - a +0 plate armour (worn)
 o - a +0 animal skin
 r - a +2 leather armour of fire resistance
Wands
 t - a wand of mindburst (13)
 y - a wand of roots (10)
Scrolls
 g - a scroll of immolation {unknown}
 l - a scroll of torment {unknown}
 m - 5 scrolls of identify {unknown}
 n - a scroll of magic mapping {unknown}
 p - 2 scrolls of enchant armour {unknown}
 u - a scroll of enchant weapon {unknown}
Potions
 h - 2 potions of mutation {unknown}
 i - 2 potions of cancellation
 k - a potion of might {unknown}
 s - a potion of brilliance {unknown}
 x - a potion of berserk rage {unknown}
 z - 2 potions of haste
 A - a potion of magic {unknown}


   Skills:
 + Level 4.3 Fighting
 + Level 5.7 Axes
 + Level 1.8 Throwing
 + Level 2.7 Armour
 + Level 3.0 Dodging
 + Level 1.9 Stealth


You had 6 spell levels left.
You didn't know any spells.
Your spell library contained the following spells:

 Spells                   Type           Power      Damage    Failure   Level
 Blink                    Tloc           0%         N/A       100%        2
 Confusing Touch          Hex            0%         N/A       100%        3
 Lesser Beckoning         Tloc           0%         N/A       100%        3
 Portal Projectile        Hex/Tloc       0%         N/A       100%        3
 Tukima's Dance           Hex            0%         N/A       100%        3
 Blade Hands              Tmut           0%         N/A       100%        5
 Manifold Assault         Tloc           0%         N/A       100%        5
 Yara's Violent Unravell  Hex/Tmut       0%         3d3       100%        5
 Enfeeble                 Hex            0%         N/A       100%        7


Dungeon Overview and Level Annotations

Branches:
Dungeon (5/15)
 Temple: D:4-7

Altars:
Uskayaw

Shops:
D:4 (


Innate Abilities, Weirdness & Mutations

You have a pair of small antennae on your head.
Spells you cast may paralyse adjacent enemies.


Message History

The gnoll is severely wounded.
You feel very sick. The gnoll completely misses you.
The gnoll sergeant hits you but does no damage.
You are more poisoned.
You slash the gnoll! You burn the gnoll.
You kill the gnoll!
You feel very sick.
The gnoll sergeant hits you from afar with a +1 spear of venom!
You are lethally poisoned!
* * * LOW HITPOINT WARNING * * *
You feel very sick.
It was a potion of cancellation.
You feel magically purged.
* * * LOW HITPOINT WARNING * * *
You feel very sick.
The gnoll sergeant hits you but does no damage.
You are more poisoned.
It was a potion of curing.
You feel better.
The gnoll sergeant hits you from afar with a +1 spear of venom.
* * * LOW HITPOINT WARNING * * *
The gnoll sergeant hits you with a +1 spear of venom.
* * * LOW HITPOINT WARNING * * *
You are poisoned.
Items here: )) ††.
The gnoll sergeant blocks your attack.
* * * LOW HITPOINT WARNING * * *
You feel very sick.
The gnoll sergeant hits you with a +1 spear of venom!
* * * LOW HITPOINT WARNING * * *
You are more poisoned.
You feel better.
The gnoll sergeant hits you with a +1 spear of venom.
* * * LOW HITPOINT WARNING * * *
It was a potion of haste.
You feel yourself speed up. The gnoll sergeant barely misses you.
You can no longer pass through a line of other dancers.
The gnoll sergeant hits you from afar with a +1 spear of venom.
* * * LOW HITPOINT WARNING * * *
You are lethally poisoned!
You die...

... .#
.#################
.................# #
################.##.#
...........#
#######.####
#########.#
.....gg).@#
###########


You could see a gnoll sergeant and a gnoll.

Vanquished Creatures
  An ice beast (D:5)
  A jelly (D:4)
  5 hounds
  2 orc priests
  An iguana (D:5)
  3 orc wizards
  Robin (D:3)
  8 gnolls
  4 adders
  A white imp (D:5)
  4 worms
  5 dart slugs
  12 orcs
  9 endoplasms
  5 giant cockroaches
  12 goblins
  8 hobgoblins
  8 jackals
  3 quokkas
  4 ball pythons
  3 bats
  2 frilled lizards
  5 kobolds
  9 rats
116 creatures vanquished.

Notes
Turn   | Place    | Note
-------+----------+-------------------------------------------
     0 | D:1      | sneakypete the Demonspawn Gladiator began the quest for the
                  | Orb.
     0 | D:1      | Reached XP level 1. HP: 16/16 MP: 1/1
    68 | D:1      | You fall into a shaft and drop 1 floor!
   417 | D:1      | Reached skill level 3 in Axes
   417 | D:1      | Gained mutation: Spells you cast may paralyse adjacent
                  | enemies. [demonic ancestry]
   417 | D:1      | Reached XP level 2. HP: 20/22 MP: 2/2
   815 | D:1      | Reached XP level 3. HP: 24/27 MP: 3/3
   978 | D:1      | Found a faded altar of an unknown god.
   990 | D:1      | Prayed at the altar of an unknown god.
   990 | D:1      | Became a worshipper of Uskayaw the Reveller
   990 | D:1      | Reached * piety under Uskayaw
  1383 | D:2      | Reached ** piety under Uskayaw
  1387 | D:2      | Reached *** piety under Uskayaw
  1976 | D:3      | Gained mutation: You have a pair of small antennae on your
                  | head. [demonic ancestry]
  1976 | D:3      | Reached XP level 4. HP: 30/34 MP: 4/4
  1996 | D:3      | Noticed Robin
  2007 | D:3      | Reached skill level 1 in Stealth
  2008 | D:3      | Killed Robin
  2011 | D:3      | Reached **** piety under Uskayaw
  2112 | D:3      | Reached skill level 1 in Armour
  2146 | D:3      | Reached skill level 4 in Axes
  2146 | D:3      | Reached XP level 5. HP: 28/41 MP: 5/5
  2865 | D:4      | Reached XP level 6. HP: 43/48 MP: 6/6
  3224 | D:4      | Found Kitiklis's Antique Weapon Emporium.
  3549 | D:4      | Reached skill level 5 in Axes
  4334 | D:5      | Entered Level 5 of the Dungeon
  4353 | D:5      | Reached ***** piety under Uskayaw
  4530 | D:5      | Reached XP level 7. HP: 29/54 MP: 7/7
  5139 | D:5      | HP: 2/54 [gnoll sergeant/+1 spear of venom (8)]
  5143 | D:5      | Succumbed to a gnoll sergeant's poison

Illustrated notes

Levels and vault maps discovered:
D:1:      grunt_arrival_crossed_arrows, layout_rooms,
          nicolae_ecumenical_lake_church, minmay_pentomino_o4
D:2:      layout_basic
D:3:      layout_basic, cheibrodos_sewer_entry_bend, uniq_robin
D:4:      layout_basic, serial_shops, shop, cheibrodos_gnoll_hut
D:5:      layout_basic, gammafunk_ghost_cemetery, uniq_pikel

Skill      XL: |  1  2  3  4  5  6 |
---------------+-------------------+-----
Axes           | 3 4 5 |  5.7
Dodging        | 3 |  3.0
Stealth        | 1 |  1.9
Fighting       | 3 4 |  4.3
Armour         | 1 2 |  2.7
Throwing       | |  1.8

Action                   |  1- 3 |  4- 6 |  7- 9 || total
-------------------------+-------+-------+-------++-------
Melee: War axe           |   114 |    94 |       ||   208
       Punch             |     1 |     2 |       ||     3
       Hand axe          |       |   136 |    38 ||   174
Throw: Throwing net      |       |       |     1 ||     1
Invok: Stomp             |       |       |     1 ||     1
  Use: Potion            |       |       |     4 ||     4
 Stab: Paralysed         |     1 |     8 |     2 ||    11
       Held in net/web   |       |       |     1 ||     1
Armor: Plate armour      |   131 |   160 |    23 ||   314
Dodge: Dodged            |    49 |    68 |    12 ||   129
